 Dungeon Crawl Stone Soup version 0.26-b1-32-g5d43845318 (webtiles) character file.

Game seed: 7047780005112742461

5803 Armakuni the Carver (level 11, -6/84 HPs)
             Began as a Human Monk on Jan 8, 2021.
             Was an Initiate of Gozag.
             Mangled by a komodo dragon (18 damage)
             ... on level 1 of the Lair of Beasts.
             The game lasted 00:26:11 (8617 turns).

Armakuni the Carver (Human Monk)                    Turns: 8617, Time: 00:26:12

Health: -6/84      AC: 14    Str: 15    XL:     11   Next: 6%
Magic:  11/11      EV: 12    Int: 11    God:    Gozag
Gold:   528        SH:  0    Dex: 15    Spells: 10/10 levels left

rFire    + . .     SeeInvis .   a - +1 scimitar (flame)
rCold    . . .     Faith    .   (no shield)
rNeg     . . .     Spirit   .   s - +0 scale mail
rPois    .         Reflect  .   x - +1 helmet
rElec    .         Harm     .   y - +0 cloak
rCorr    .         Rampage  .   i - +0 pair of gloves
Will     .....                  M - +0 pair of boots
Stlth    +.........             R - amulet of regeneration
HPRegen  0.64/turn              F - ring of protection from fire
MPRegen  0.12/turn              (no ring)

@: no status effects
A: no striking features
a: Renounce Religion, Potion Petition, Call Merchant, Bribe Branch


You were on level 1 of the Lair of Beasts.
You worshipped Gozag.
Gozag was pleased with you.
You visited 3 branches of the dungeon, and saw 12 of its levels.

You collected 1451 gold pieces.
You spent 339 gold pieces at shops.
You paid 584 gold pieces to Gozag.

Inventory:

Hand Weapons
 a - a +1 scimitar of flaming (weapon)
Missiles
 k - 35 poisoned darts (quivered)
 l - 8 javelins
 o - a throwing net
 q - 2 atropa-tipped darts
 E - 3 boomerangs
 J - 3 datura-tipped darts
Armour
 f - a +0 tower shield
 i - a +0 pair of gloves (worn)
 s - a +0 scale mail (worn)
 x - a +1 helmet (worn)
 y - a +0 cloak (worn)
 G - a +0 plate armour
 M - a +0 pair of boots (worn)
Jewellery
 F - a ring of protection from fire (left hand)
 R - an amulet of regeneration (around neck)
Wands
 d - a wand of disintegration (7)
 e - a wand of enslavement (8)
Scrolls
 b - 7 scrolls of teleportation
 c - a scroll of enchant armour
 j - 5 scrolls of immolation
 m - 8 scrolls of remove curse
 p - 5 scrolls of identify
 A - 2 scrolls of magic mapping
 B - a scroll of amnesia
 D - a scroll of noise
 K - a scroll of fog
Potions
 g - a potion of cancellation
 h - a potion of resistance
 n - 2 potions of magic
 r - a potion of brilliance
 t - 3 potions of heal wounds
 u - 2 potions of haste
 w - 3 potions of curing
 z - 4 potions of mutation
 C - a potion of lignification
 H - 2 potions of invisibility
 I - a potion of flight
 L - a potion of berserk rage
Miscellaneous
 N - a phial of floods


   Skills:
 - Level 7.3 Fighting
 + Level 9.5 Long Blades
 + Level 5.8 Throwing
 - Level 7.3 Armour
 - Level 5.0 Dodging
 - Level 2.0 Stealth
 - Level 0.8 Shields
 - Level 4.0 Evocations


You had 10 spell levels left.
You didn't know any spells.
Your spell library contained the following spells:

 Spells                   Type           Power        Failure   Level
 Magic Dart               Conj           0%           75%         1
 Blink                    Tloc           N/A          87%         2
 Call Imp                 Summ           0%           87%         2
 Slow                     Hex            0%           87%         2
 Conjure Flame            Conj/Fire      0%           98%         3
 Mephitic Cloud           Conj/Pois/Air  0%           98%         3


Dungeon Overview and Level Annotations

Branches:
Dungeon (10/15)            Temple (1/1) D:7            Lair (1/6) D:9
    Orc: D:9-12

Altars:
Ashenzari
Cheibriados
Dithmenos
Elyvilon
Fedhas
Gozag
Hepliaklqana
Kikubaaqudgha
Makhleb
Nemelex Xobeh
Okawaru
Qazlal
Ru
Sif Muna
Trog
Uskayaw
Vehumet
Wu Jian
Xom
Yredelemnul
Zin
The Shining One

Shops:
D:8 :   D:9 !:**!   Temple *


Message History

The komodo dragon is lightly wounded.
The komodo dragon bites you!!
You are too injured to fight recklessly!
Evoke which item? (* to show all) (? for menu, Esc to quit)
Aiming: Disintegrate
Press: ? - help, Shift-Dir - straight line, f - komodo dragon
Aim: a komodo dragon (lightly wounded, chance to affect: 66%)
The komodo dragon is blasted!!
The komodo dragon bites you!!
* * * LOW HITPOINT WARNING * * *
You hit the komodo dragon but do no damage.
The komodo dragon is almost dead.
The komodo dragon bites you.
* * * LOW HITPOINT WARNING * * *
Evoke which item? (* to show all) (? for menu, Esc to quit)
Aiming: Disintegrate
Press: ? - help, Shift-Dir - straight line, f/p - komodo dragon
Aim: a komodo dragon (almost dead, chance to affect: 66%)
The komodo dragon struggles to resist.
The komodo dragon bites you!!
You die...
Your body crumbles into a pile of gold.

.PP............# #
######.........# ####
#.........# ♣#.#
##.........# ...##
####..........# P..P#
##.####.##<....#
≈...######.............##
♣.P....................P#
♣...............@l.....##
.................#P....#
...###...###..####.....##
..## #...#.............>#
.. ##............PPPPP.#
.. #....#........PPPPP.##
. #....#........P≈≈≈P..#
#.##.#........P≈≈≈P.##
#.#...........P≈≈≈P.##


You could see a komodo dragon.

Vanquished Creatures
  An efreet (D:9)
  A cane toad (Lair:1)
  A troll (D:9)
  Grinder (D:3)
  A hornet (D:9)
  A basilisk (Lair:1)
  A yak (Lair:1)
  2 water moccasins (Lair:1)
  A black bear (D:6)
  5 ice beasts
  3 phantoms
  3 wolves (D:9)
  4 ogres
  4 centaurs
  A big kobold (D:9)
  Blork the orc (D:5)
  5 bullfrogs
  A gnoll sergeant (D:9)
  2 scorpions
  3 killer bees (D:8)
  3 wights (D:7)
  4 howler monkeys
  3 electric eels (D:9)
  A bullfrog zombie (D:7)
  A centaur skeleton (D:5)
  7 orc priests
  A bullfrog skeleton (D:9)
  6 hounds
  8 orc wizards
  4 iguanas
  4 worker ants
  A hound zombie (D:5)
  2 hound skeletons
  A worker ant zombie (D:7)
  13 adders
  11 gnolls
  3 shadow imps
  3 white imps
  An ufetubus (D:5)
  An ooze (D:1)
  An adder zombie (D:8)
  2 worms (D:2)
  4 dart slugs
  5 leopard geckos
  22 orcs
  2 ball pythons
  4 bats
  A bat zombie (D:1)
  5 giant cockroaches
  6 goblins
  3 hobgoblins (D:1)
  12 jackals
  9 kobolds
  4 quokkas
  5 frilled lizards
  2 giant cockroach zombies
  A leopard gecko skeleton (D:4)
  A quokka zombie (D:5)
  5 rats
214 creatures vanquished.

Vanquished Creatures (others)
  2 plants (Lair:1)
2 creatures vanquished.

Grand Total: 216 creatures vanquished

Notes
Turn   | Place    | Note
-------+----------+-------------------------------------------
     0 | D:1      | Armakuni the Human Monk began the quest for the Orb.
     0 | D:1      | Reached XP level 1. HP: 18/18 MP: 1/1
   327 | D:1      | Reached XP level 2. HP: 17/24 MP: 2/2
   728 | D:1      | Reached XP level 3. HP: 25/29 MP: 3/3
  1445 | D:2      | Reached XP level 4. HP: 37/37 MP: 4/4
  1466 | D:2      | Reached skill level 4 in Long Blades
  1755 | D:2      | HP: 1/37 [poisoned by an adder]
  1760 | D:2      | HP: 1/37 [poisoned by an adder]
  1765 | D:2      | HP: 1/37 [poisoned by an adder]
  1889 | D:2      | Reached XP level 5. HP: 37/42 MP: 5/5
  2315 | D:3      | Noticed Grinder
  2326 | D:3      | Killed Grinder
  2327 | D:3      | Reached skill level 5 in Fighting
  2327 | D:3      | Reached skill level 5 in Long Blades
  2327 | D:3      | Reached XP level 6. HP: 45/51 MP: 6/6
  2908 | D:4      | Reached skill level 1 in Evocations
  2947 | D:4      | Reached XP level 7. HP: 55/56 MP: 7/7
  3104 | D:4      | Found an opulent altar of Gozag.
  3105 | D:4      | Found a sacrificial altar of Ru.
  3105 | D:4      | Found a hazy altar of Hepliaklqana.
  3106 | D:4      | Found a shimmering blue altar of Sif Muna.
  3137 | D:4      | Became a worshipper of Gozag Ym Sagoz the Greedy
  3680 | D:5      | Entered Level 5 of the Dungeon
  3710 | D:5      | Reached XP level 8. HP: 62/62 MP: 8/8
  4013 | D:5      | Reached skill level 5 in Dodging
  4023 | D:5      | Reached skill level 5 in Armour
  4399 | D:5      | Noticed Blork the orc
  4409 | D:5      | Killed Blork the orc
  4690 | D:6      | Reached XP level 9. HP: 59/68 MP: 9/9
  4939 | D:6      | Reached skill level 6 in Long Blades
  5927 | D:7      | Reached skill level 7 in Long Blades
  5998 | D:7      | Found a staircase to the Ecumenical Temple.
  6061 | Temple   | Entered the Ecumenical Temple
  6251 | Temple   | Bought a scroll of identify for 28 gold pieces
  6251 | Temple   | Bought a potion of lignification for 42 gold pieces
  6436 | D:8      | Reached XP level 10. HP: 70/79 MP: 10/10
  6528 | D:8      | Found Xeinuiqy's Book Shop.
  6999 | D:9      | You fall into a shaft and drop 1 floor!
  6999 | D:10     | Entered Level 10 of the Dungeon
  7008 | D:9      | Found Juditag's Book Emporium.
  7009 | D:9      | Found Titrock's Assorted Antiques.
  7102 | D:9      | Reached skill level 1 in Throwing
  7148 | D:9      | Reached skill level 8 in Long Blades
  7473 | D:9      | Found Sogudwuonk's Distillery.
  7485 | D:9      | Bought a potion of degeneration for 15 gold pieces
  7710 | D:9      | Got a heavily runed ring mail
  7800 | D:9      | Identified the +2 ring mail of Pride {Harm rC+} (You found
                  | it on level 9 of the Dungeon)
  7843 | D:9      | Noticed an efreet
  7852 | D:9      | Killed an efreet
  7854 | D:9      | Reached skill level 9 in Long Blades
  7941 | D:9      | Found a staircase to the Lair.
  7981 | D:9      | Found Cosechiha's Distillery.
  7984 | D:9      | Bought a potion of heal wounds for 60 gold pieces
  7984 | D:9      | Bought a potion of curing for 36 gold pieces
  7984 | D:9      | Bought a potion of invisibility for 96 gold pieces
  7984 | D:9      | Bought a potion of flight for 36 gold pieces
  8045 | D:9      | Found Ynozuzan's General Store.
  8052 | D:9      | Bought a scroll of fog for 26 gold pieces
  8119 | Lair:1   | Entered Level 1 of the Lair of Beasts
  8211 | Lair:1   | Reached skill level 5 in Throwing
  8231 | Lair:1   | Noticed a cane toad
  8246 | Lair:1   | Killed a cane toad
  8379 | Lair:1   | Reached XP level 11. HP: 84/84 MP: 11/11
  8533 | Lair:1   | Noticed a six-headed hydra
  8617 | Lair:1   | Mangled by a komodo dragon

Illustrated notes

Levels and vault maps discovered:
D:1:      saegor_arrival_fortress, layout_basic, serial_glass, glass_columns_a,
          glass_columns_a, minmay_pentomino_s4
D:2:      layout_loops_corners
D:3:      layout_basic, uniq_grinder
D:4:      layout_basic, chequers_temple_overflow_statue_of_worship, minivault_11
D:5:      layout_gridville, uniq_blork_the_orc
D:6:      layout_loops_ring
D:7:      layout_rooms, minmay_temple_entry_statues_pillars
D:8:      layout_gridville, serial_shops, shop
D:9:      layout_cave_pools, erik_lair_island, serial_column_ruins,
          column_ruins_columns_corner, column_ruins_grid_1,
          column_ruins_corridor_straight, serial_shops,
          nicolae_shop_competitors_out_of_business, nicolae_shop_behind_doors,
          nicolae_shop_trees, shop, shop
D:10:     layout_layer_cave, enter_bailey_2, basic_altar, minmay_statues_item,
          minivault_19
Temple:   eino_narrow_crystal_temple
Lair:1:   lemuel_slime, layout_gridlike, serial_bayou, serial_bayou_shore_b,
          serial_bayou_pond_a, serial_bayou_pond_b, serial_bayou_pond_b,
          serial_bayou_pond_a, serial_bayou_pond_b, st_stairs_10,
          serial_bayou_pond_a, chequers_serial_rivers_small_3,
          kennysheep_rathole

Skill      XL: |  1  2  3  4  5  6  7  8  9 10 |
---------------+-------------------------------+-----
Fighting       | 4 5 7 |  7.3
Long Blades    | 4 5 7 9 |  9.5
Armour         | 2 3 5 7 |  7.3
Evocations     | 1 4 |  4.0
Dodging        | 5 |  5.0
Throwing       | 5 |  5.8
Stealth        | |  2.0
Shields        | |  0.8

Action                   |  1- 3 |  4- 6 |  7- 9 | 10-12 || total
-------------------------+-------+-------+-------+-------++-------
Melee: Falchion          |   103 |    95 |   458 |    70 ||   726
       Scimitar          |       |       |       |   157 ||   157
Throw: Dart              |       |    26 |     4 |     1 ||    31
       Boomerang         |       |       |       |    38 ||    38
Invok: Call Merchant     |       |       |     1 |       ||     1
Evoke: Wand              |       |       |    19 |     7 ||    26
  Use: Scroll            |     3 |     3 |    11 |     5 ||    22
       Potion            |       |     6 |       |     2 ||     8
 Stab: Sleeping          |       |     2 |       |       ||     2
       Distracted        |       |       |     1 |     2 ||     3
       Confused          |       |       |     2 |       ||     2
Armor: Robe              |     7 |       |       |       ||     7
       Leather armour    |     6 |       |       |       ||     6
       Ring mail         |    10 |    42 |   100 |       ||   152
       Scale mail        |       |       |    90 |   150 ||   240
Dodge: Dodged            |    75 |    50 |   325 |   157 ||   607
       Rpst.: Falchion   |    19 |    17 |    91 |    10 ||   137
       Scimitar          |       |       |       |    34 ||    34
